 Dungeon Crawl Stone Soup version 0.30-a0-972-gf3ab3527aa (webtiles) character file.

Game seed: 11073394094496045651

81 retardedninja the Trooper (level 4, -6/42 HPs)
             Began as a Naga Fighter on Mar 31, 2023.
             Mangled by a gnoll
             ... wielding a +0 flail
              (8 damage)
             ... on level 3 of the Dungeon.
             The game lasted 00:02:17 (2349 turns).

retardedninja the Trooper (Naga Fighter)            Turns: 2349, Time: 00:02:18

Health: -6/42      AC:  6    Str: 20    XL:     4   Next: 42%
Magic:  4/4        EV:  7    Int:  8    God:
Gold:   90         SH:  4    Dex: 11    Spells: 3/3 levels left

rFire   . . .      SeeInvis +    a - +0 war axe
rCold   . . .      Faith    .    c - +0 buckler
rNeg    . . .      Spirit   .    b - +0 scale mail
rPois   +          Reflect  .    (no helmet)
rElec   .          Rampage  .    h - +0 cloak
rCorr   .                        (no gloves)
Will    .....                    (no barding) Stlth
                                 (no amulet)
HPRegen 0.27/turn                (no ring)
MPRegen 0.09/turn                (no ring)

@: very slow
A: AC +1, large, see invisible, deformed body, poison resistance, slowness 2,
spit poison 1, naga tail 1
a: Spit Poison


You were on level 3 of the Dungeon.
You visited 1 branch of the dungeon, and saw 3 of its levels.

You collected 90 gold pieces.

Inventory:

Hand Weapons
 a - a +0 war axe (weapon)
Armour
 b - a +0 scale mail (worn)
 c - a +0 buckler (worn)
 h - a +0 cloak (worn)
Jewellery
 n - an amulet of guardian spirit
 p - a +6 ring of strength
Wands
 s - a wand of polymorph (3)
Scrolls
 f - a scroll of enchant weapon {unknown}
 g - 3 scrolls of vulnerability {unknown}
 i - 3 scrolls of blinking {unknown}
 j - 4 scrolls of identify {unknown}
 l - 5 scrolls of teleportation {unknown}
 q - a scroll of enchant armour {unknown}
 t - a scroll of silence {unknown}
 u - a scroll of fog {unknown}
Potions
 e - a potion of flight {unknown}
 k - a potion of lignification {unknown}
 o - a potion of berserk rage {unknown}
 r - a potion of invisibility {unknown}


   Skills:
 + Level 3.5 Fighting
 * Level 3.2 Axes
 + Level 2.9 Armour
 + Level 3.1 Shields


You had 3 spell levels left.
You didn't know any spells.
Your spell library contained the following spells:

 Spells                   Type           Power      Damage    Failure   Level
 Beastly Appendage        Tmut           0%         N/A       83%         1
 Magic Dart               Conj           0%         1d3       83%         1
 Call Imp                 Summ           0%         N/A       93%         2
 Wereblood                Tmut           0%         N/A       93%         2
 Mephitic Cloud           Conj/Pois/Air  0%         N/A       99%         3
 Ozocubu's Armour         Ice            0%         N/A       99%         3
 Spider Form              Tmut/Pois      0%         N/A       99%         3
 Ozocubu's Refrigeration  Ice            0%         4d7       100%        7


Dungeon Overview and Level Annotations

Branches:
Dungeon (3/15)

Altars:
Kikubaaqudgha

Annotations:
D:2 1 runed translucent door, Crazy Yiuf


Innate Abilities, Weirdness & Mutations

Your serpentine skin is tough. (AC +1)
You have supernaturally acute eyesight. (SInv)
Armour fits poorly on your strangely shaped body.
Your system is resistant to poisons. (rPois)
You cover ground very slowly.
You can spit poison.
You have a snake-like lower body.


Message History

A gnoll comes into view. It is wielding a +0 spear.
The gnoll moves out of view.
There are monsters nearby!
There are monsters nearby!
There are monsters nearby!
There are monsters nearby!
You block the gnoll's attack.
A giant cockroach comes into view.
You barely miss the gnoll. The gnoll hits you with a +0 flail.
The gnoll hits you with a +0 flail! You block the gnoll's attack.
You closely miss the gnoll. You barely miss the gnoll.
You block the gnoll's attack. The gnoll barely misses you.
You block the gnoll's attack.
You hit the gnoll.
The gnoll is lightly wounded.
You block the gnoll's attack. The gnoll barely misses you.
The gnoll hits you with a +0 flail.
You slash the gnoll!
You kill the gnoll!
You closely miss the gnoll. You block the gnoll's attack.
The gnoll hits you with a +0 flail. The gnoll barely misses you.
The gnoll closely misses you. The gnoll hits you with a +0 flail.
The gnoll hits you from afar with a +0 spear.
The gnoll attacks as you move away! The gnoll barely misses you.
The gnoll attacks as you move away! The gnoll hits you with a +0 flail.
* * * LOW HITPOINT WARNING * * *
The gnoll hits you but does no damage. The gnoll attacks as you move away!
You block the gnoll's attack.
You feel very mighty all of a sudden.
The gnoll hits you from afar with a +0 spear.
* * * LOW HITPOINT WARNING * * *
The gnoll hits you with a +0 flail.
* * * LOW HITPOINT WARNING * * *
It was a potion of cancellation.
Your magical effects are unravelling.
You feel magically purged.
You feel a little less mighty now. The gnoll hits you with a +0 flail!
You die...

#..# #.##..## ##
..#####..####......###.
...g................#..
#..####.B......#.......
#)#.#.......##.##
#..###.#......... #.##
##.....##...
#.#####g###.###..#####
#....@g..#.## #.......
#########.## #.######
### #....... ########


You could see 2 gnolls.

Vanquished Creatures
  A gnoll (D:3)
  2 adders (D:2)
  3 worms (D:2)
  3 orcs (D:3)
  A ball python (D:1)
  4 endoplasms
  2 giant cockroaches
  2 goblins
  9 hobgoblins
  4 jackals (D:2)
  A quokka (D:2)
  3 frilled lizards
  4 rats
39 creatures vanquished.

Notes
Turn   | Place    | Note
-------+----------+-------------------------------------------
     0 | D:1      | retardedninja the Naga Fighter began the quest for the Orb.
     0 | D:1      | Reached XP level 1. HP: 21/21 MP: 1/1
   163 | D:1      | HP: 1/21 [hobgoblin (3)]
   649 | D:1      | Found a faded altar of an unknown god.
  1000 | D:2      | Reached XP level 2. HP: 26/28 MP: 2/2
  1049 | D:2      | Reached XP level 3. HP: 21/34 MP: 3/3
  1752 | D:2      | Found a runed translucent door.
  1753 | D:2      | Noticed Crazy Yiuf
  1832 | D:3      | Reached XP level 4. HP: 42/42 MP: 4/4
  2088 | D:3      | Found an ancient bone altar of Kikubaaqudgha.
  2090 | D:3      | Identified the +1 scale mail of the Viny God {rF- Int+5}
  2348 | D:3      | HP: 2/42 [gnoll/+0 flail (4)]
  2349 | D:3      | Mangled by a gnoll

Illustrated notes

Levels and vault maps discovered:
D:1:      psy_arrival_fountain, layout_rooms, serial_forest,
          infiniplex_forest_lined_2, infiniplex_forest_lined_1,
          infiniplex_forest_straight_2, infiniplex_forest_pool,
          infiniplex_forest_zigzag_1, infiniplex_forest_diagonal,
          infiniplex_forest_corner_1, infiniplex_forest_lined_1,
          infiniplex_forest_clump_small, hellmonk_ecumenical_altar_inner_sanctum
D:2:      layout_loops_ring, uniq_crazy_yiuf_cottage
D:3:      minmay_bubble_buster, layout_loops_ring, mainiacjoe_overflow_brackets

Skill      XL: |  1  2  3 |
---------------+----------+-----
Shields        | 3 |  3.1
Axes           | 3 |  3.2
Fighting       | |  3.5
Armour         | |  2.9

Action                     |  1- 3 |  4- 6 || total
---------------------------+-------+-------++-------
  Melee: War axe           |    91 |    32 ||   123
    Use: Potion            |       |     2 ||     2
 Armour: Scale mail        |    52 |    11 ||    63
  Dodge: Dodged            |    28 |    11 ||    39
  Block: Buckler           |    15 |    13 ||    28

Table legend: (Time is in decaauts)
 A = Elapsed time spent in this place.
 B = Non-inter-level travel time spent in this place.
 C = Inter-level travel time spent in this place.
 D = Time resting spent in this place.
 E = Time spent auto-exploring this place.
 F = Levels seen in this place.
 G = Mean time per level.
                   A        B        C        D        E       F      G
               +--------+--------+--------+--------+--------+-----+--------+
         Total |   3032 |   2926 |    106 |    424 |   2077 |   3 | 1010.7 |
       Dungeon |   3032 |   2926 |    106 |    424 |   2077 |   3 | 1010.7 |
               +--------+--------+--------+--------+--------+-----+--------+

Top non-repeatable levels by time:
     D:1: 1216 daAuts
     D:2: 1084 daAuts
     D:3: 731 daAuts
